cohdb
Replays
Latest Replays
All Replays
Popular Replays
Top Player Replays
Match Explorer
How It Works
Community
CoH3 Stats
Reddit
Sign in to upload your games and track your stats! →
Sign in with Steam
Match 43864645
Unlisted
Match 43864645
Overview
Messages
Build Orders
End
Royal Engineer Section
Vickers Machine Gun Team
Construct Section Command Post
ML 3-inch Mortar Team
Infantry Section
Infantry Section
Construct Field Infirmary
Construct Field Infirmary
Construct Platoon Command Post
Humber Armored Car
Unlock Bishop Self-propelled Artillery
Grenade Package
6-pounder Anti-tank Gun Team
Bishop Self-propelled Artillery
Selects Canadian Shock Battlegroup
Selects Canadian Shock Battlegroup
Selects Incendiary Munitions
Selects Pyrotechnics
Construct Company Command Post
AI Takeover
Hetman
gks5253
Olmak
Raedwulf
SirFecker
Gordon Birdman
[~AJ~]Oberst
YangXYZ
0
0
Comments
sign in to comment!
No comments posted yet!